 Dungeon Crawl Stone Soup version 0.30-a0-953-g5f1da4a474 (webtiles) character file.

Game seed: 6269432994796965162

13710 jasper the Arsonist (level 11, -3/83 HPs)
             Began as a Demonspawn Cinder Acolyte on Mar 28, 2023.
             Was an Elder of Ignis.
             Slain by an elephant (14 damage)
             ... on level 2 of the Lair of Beasts.
             The game lasted 00:16:07 (12878 turns).

jasper the Arsonist (Demonspawn Cinder Acolyte)    Turns: 12878, Time: 00:16:08

Health: -3/83      AC: 17    Str: 16    XL:     11   Next: 79%
Magic:  9/23       EV:  9    Int: 19    God:    Ignis [****..]
Gold:   627        SH:  0    Dex:  8    Spells: 12/26 levels left

rFire   + + .      SeeInvis .    r - staff of fire
rCold   . . .      Faith    .    e - +0 kite shield
rNeg    . . .      Spirit   .    Q - +0 troll leather armour
rPois   .          Reflect  .    (helmet restricted)
rElec   .          Rampage  +    (no cloak)
rCorr   .                        X - +0 pair of gloves
Will    +....                    x - +0 pair of boots {rampage} Stlth
                                 (no amulet)
HPRegen 1.13/turn                K - ring of wizardry
MPRegen 0.36/turn                o - ring of willpower

@: confused, ambrosia-drunk, invisible
A: antennae 1, thin metallic scales 1, icemail 2, magic regeneration,
condensation shield
a: Renounce Religion, Fiery Armour, Foxfire Swarm, Rising Flame


You were on level 2 of the Lair of Beasts.
You worshipped Ignis.
Ignis was greatly pleased with you.
You visited 2 branches of the dungeon, and saw 13 of its levels.
You also visited: Ossuary.

You collected 753 gold pieces.
You spent 126 gold pieces at shops.

Inventory:

Hand Weapons
 a - a +0 spear of flaming
Missiles
 d - 34 poisoned darts
 l - 6 silver javelins
 C - 9 boomerangs
 P - a throwing net
Armour
 b - a +0 robe
 e - a +0 kite shield (worn)
 x - a +0 pair of boots of rampaging (worn)
 Q - a +0 troll leather armour (worn)
 T - +0 swamp dragon scales
 X - a +0 pair of gloves (worn)
Magical Staves
 r - a staff of fire (weapon)
 F - a staff of earth
Jewellery
 o - a ring of willpower (right hand)
 v - a ring of willpower
 G - a +4 ring of slaying
 J - a ring of resist corrosion
 K - a ring of wizardry (left hand)
 W - a +6 ring of dexterity
Wands
 A - a wand of acid (12)
 D - a wand of iceblast (7)
 L - a wand of mindburst (6)
 O - a wand of digging (6)
 U - a wand of polymorph (6)
Scrolls
 c - 3 scrolls of blinking
 p - 10 scrolls of teleportation
 u - 3 scrolls of amnesia
 y - 3 scrolls of immolation
 B - 5 scrolls of poison
 I - a scroll of silence
 M - a scroll of enchant armour
 N - a scroll of fog
 S - a scroll of vulnerability
 V - a scroll of magic mapping
Potions
 f - 4 potions of lignification
 g - a potion of resistance
 h - 2 potions of invisibility
 i - 5 potions of curing
 j - 5 potions of attraction
 k - 4 potions of berserk rage
 m - 3 potions of brilliance
 n - 4 potions of mutation
 q - 3 potions of haste
 s - 2 potions of cancellation
 t - a potion of ambrosia
 w - 4 potions of might
 z - 3 potions of degeneration
 E - a potion of magic
 H - a potion of heal wounds {unknown}
 R - 2 potions of flight {unknown}


   Skills:
 - Level 6.6 Fighting
 - Level 2.6(4.3) Polearms
 - Level 5.3(5.6) Staves
 - Level 5.0 Armour
 + Level 5.8 Shields
 - Level 8.0 Spellcasting
 - Level 6.0 Conjurations
 - Level 1.5 Translocations
 - Level 8.0 Fire Magic
 - Level 1.8 Earth Magic
 - Level 6.0 Evocations


You had 12 spell levels left.
You knew the following spells:

 Your Spells              Type           Power      Damage    Failure   Level
a - Scorch                Fire           100%       2d10      1%          2
b - Blink                 Tloc           26%        N/A       10%         2
c - Passwall              Tmut/Erth      9%         N/A       12%         2
d - Stone Arrow           Conj/Erth      44%        3d9       8%          3
e - Fireball              Conj/Fire      25%        3d11      19%         5

Your spell library contained the following spells:

 Spells                   Type           Power      Damage    Failure   Level
 Foxfire                  Conj/Fire      100%       2x1d6     1%          1
 Shock                    Conj/Air       76%        1d7       3%          1
 Momentum Strike          Conj/Tloc      42%        3d9       4%          2
 Sandblast                Erth           28%        2d8       6%          1
 Lesser Beckoning         Tloc           26%        N/A       10%         2
 Hailstorm                Conj/Ice       19%        3d6       11%         3
 Gell's Gravitas          Tloc           13%        N/A       19%         3
 Teleport Other           Tloc           13%        N/A       19%         3
 Swiftness                Air            7%         N/A       32%         3
 Tukima's Dance           Hex            7%         N/A       32%         3
 Passage of Golubria      Tloc           13%        N/A       52%         4
 Starburst                Conj/Fire      25%        6d8       67%         6
 Airstrike                Air            3%         2d(1-17)  71%         4
 Ice Form                 Ice/Tmut       7%         N/A       71%         4
 Yara's Violent Unravell  Hex/Tmut       3%         3d4       96%         5
 Dispersal                Tloc           6%         N/A       100%        6
 Simulacrum               Ice/Necr       3%         N/A       100%        6


Dungeon Overview and Level Annotations

Branches:
Dungeon (11/15)            Temple (0/1) D:4            Lair (2/5) D:11
    Orc (0/2) D:10        Ossuary (visited)
  Swamp: Lair:2-3    Shoals: Lair:2-3     Snake: Lair:2-3    Spider: Lair:2-3

Altars:
Ashenzari
Dithmenos
Fedhas
Gozag
Kikubaaqudgha
Makhleb
Ru
Sif Muna
Uskayaw
Xom
Yredelemnul

Shops:
D:9 ?

Annotations:
D:1 1 transporter
D:6 1 runed translucent door, xian's ghost, novice TrBe


Innate Abilities, Weirdness & Mutations

You have a pair of small antennae on your head.
You are partially covered in thin metallic scales. (AC +2)
A meltable icy envelope protects you from harm. (AC +8)
You regenerate magic rapidly.
A meltable shield of frost defends you. (SH +4)


Message History

You feel a surge of power!
Flames lash the elephant.
The elephant is heavily wounded.
The elephant's fire resistance burns away.
You block the elephant's attack. x2; The elephant tramples you!
* * * LOW HITPOINT WARNING * * *
You hold your ground!
The elephant trunk-slaps you but does no damage.
You take 12 damage, and have 11/83 hp.
You now have 2/23 mp.
Casting: Scorch (safe; 1% risk of failure)
Press: ? - help, Q - select action, (/) - cycle Dir - look around, f - activate You feel a surge of power!
Flames lash the elephant.
The elephant is burned terribly!
The elephant is severely wounded.
The elephant tramples you but does no damage.
The elephant trunk-slaps you but does no damage.
You regained 2 hp, and now have 13/83 hp.
You now have 0/23 mp.
You are confused.
You feel invigorated.
A nearby plant withers and dies.
The elephant closely misses you.
The elephant trunk-slaps you but does no damage.
The elephant tramples you but does no damage.
The elephant trunk-slaps you but does no damage.
The elephant tramples you.
* * * LOW HITPOINT WARNING * * *
You hold your ground!
The elephant trunk-slaps you but does no damage.
You regained 3 hp, and now have 16/83 hp.
You regained 6 mp, and now have 6/23 mp.
You fade into invisibility!
The elephant tramples you!
* * * LOW HITPOINT WARNING * * *
You hold your ground!
The elephant trunk-slaps you but does no damage.
The elephant tramples you but does no damage.
The elephant trunk-slaps you but does no damage.
The elephant barely misses you.
The elephant trunk-slaps you but does no damage.
The elephant tramples you!
You die...

#P..# #......
#..## P......
##.## #...#
##.## #..#
#..# #.Y##
#.Y@# ##YY#
##.## #..#
#..# #..#
.... ##.#
....##
######..###
#...##
###.P#P.#.#.#
##.....


You could see 4 elephants.

Vanquished Creatures
  A catoblepas (Lair:1)
  A two-headed ogre (D:11)
  An oklob plant (Lair:1)
  2 cyclopes (D:11)
  An elephant (Lair:2)
  Joseph (D:9)
  A black mamba (Lair:1)
  3 cane toads (Lair:2)
  A gargoyle (D:11)
  An unseen horror (D:11)
  Maggie (Lair:2)
  2 komodo dragons (Lair:1)
  2 trolls (D:11)
  A polar bear (Lair:1)
  3 hornets
  5 blink frogs (Lair:2)
  Sigmund (D:2)
  4 wyverns
  3 shadows
  4 wraiths
  A vampire (D:11)
  A steam dragon (D:10)
  A basilisk (Lair:1)
  An acid dragon (D:10)
  6 water moccasins
  Duvessa (D:5)
  A black bear (D:3)
  3 orc warriors
  2 centaurs
  A kobold brigand (D:9)
  A bullfrog (Lair:2)
  A gnoll sergeant (D:9)
  4 scorpions
  3 wights (D:7)
  Dowan (D:5)
  14 killer bees
  5 electric eels (D:6)
  A human zombie (Ossuary)
  6 orc priests
  A hound (D:6)
  2 jellies (D:6)
  2 gnoll boudas
  2 iguanas (D:6)
  Jessica (D:3)
  A sleepcap (D:7)
  9 orc wizards
  A hound zombie (Ossuary)
  4 mummies (Ossuary)
  12 gnolls
  6 adders
  A shadow imp (D:8)
  A white imp (D:7)
  3 adder zombies (Ossuary)
  2 worms
  2 dart slugs
  18 orcs
  8 ball pythons
  6 endoplasms
  6 giant cockroaches
  A gnoll zombie (Ossuary)
  11 goblins
  9 hobgoblins
  A jackal (D:2)
  4 quokkas
  3 bats
  2 frilled lizards
  A goblin zombie (Ossuary)
  A hobgoblin zombie (Ossuary)
  A jackal zombie (Ossuary)
  12 kobolds
  2 kobold zombies (Ossuary)
  2 rats
  A rat zombie (Ossuary)
  A butterfly (D:9)
233 creatures vanquished.

Vanquished Creatures (others)
  18 foxfires (Ossuary)
  A fungus (Lair:2)
  10 plants
  2 withered plants (D:6)
31 creatures vanquished.

Grand Total: 264 creatures vanquished

Notes
Turn   | Place    | Note
-------+----------+-------------------------------------------
     0 | D:1      | jasper the Demonspawn Cinder Acolyte began the quest for
                  | the Orb.
     0 | D:1      | Reached XP level 1. HP: 18/18 MP: 2/2
   171 | D:1      | Gained mutation: You are partially covered in thin metallic
                  | scales. (AC +2) [demonic ancestry]
   171 | D:1      | Reached XP level 2. HP: 22/24 MP: 2/4
   174 | D:1      | Learned a level 2 spell: Scorch
   889 | D:1      | Gained mutation: You regenerate magic rapidly. [demonic
                  | ancestry]
   889 | D:1      | Reached XP level 3. HP: 29/29 MP: 3/6
  1183 | D:2      | Noticed Sigmund
  1194 | D:2      | Killed Sigmund
  1195 | D:2      | Reached XP level 4. HP: 25/35 MP: 1/9
  1195 | D:2      | Gained mutation: A meltable shield of frost defends you.
                  | (SH +4) [demonic ancestry]
  1195 | D:2      | Reached XP level 5. HP: 30/41 MP: 1/10
  1932 | D:2      | Found a faded altar of an unknown god.
  2064 | D:3      | Found a hide-covered altar of Uskayaw.
  2803 | D:3      | Noticed Jessica
  2805 | D:3      | Killed Jessica
  2984 | D:4      | Noticed a black bear
  2985 | D:4      | Gained mutation: A meltable icy envelope protects you from
                  | harm. (AC +8) [demonic ancestry]
  2985 | D:4      | Reached XP level 6. HP: 47/47 MP: 4/12
  2997 | D:3      | Reached skill level 5 in Fire Magic
  3075 | D:4      | Found a shimmering blue altar of Sif Muna.
  3152 | D:4      | Found a sacrificial altar of Ru.
  3268 | D:4      | Found a staircase to the Ecumenical Temple.
  3644 | D:5      | Entered Level 5 of the Dungeon
  3696 | D:5      | Gained mutation: A meltable icy envelope protects you from
                  | harm. (AC +8) [demonic ancestry]
  3696 | D:5      | Reached XP level 7. HP: 45/52 MP: 4/14
  3787 | D:5      | Reached skill level 5 in Spellcasting
  3974 | D:5      | Noticed Dowan
  3981 | D:5      | Noticed Duvessa
  3988 | D:5      | Killed Duvessa
  3993 | D:5      | Killed Dowan
  4049 | D:5      | Learned a level 2 spell: Blink
  4609 | D:6      | Found a runed translucent door.
  4610 | D:6      | Noticed xian's ghost (novice TrBe)
  4752 | D:6      | Reached XP level 8. HP: 50/58 MP: 13/17
  5247 | D:6      | Found a basalt altar of Yredelemnul.
  5385 | D:6      | Found a broken altar of Ashenzari.
  5386 | D:6      | Found a blossoming altar of Fedhas.
  5387 | D:6      | Found an ancient bone altar of Kikubaaqudgha.
  5893 | D:7      | Found a shadowy altar of Dithmenos.
  6059 | D:7      | Noticed a hornet
  6064 | D:7      | Killed a hornet
  6068 | D:7      | Learned a level 2 spell: Passwall
  6072 | D:7      | Learned a level 3 spell: Stone Arrow
  6396 | D:8      | Noticed a hornet
  6399 | D:8      | Killed a hornet
  6661 | D:8      | Gained mutation: You have a pair of small antennae on your
                  | head. [demonic ancestry]
  6661 | D:8      | Reached XP level 9. HP: 38/63 MP: 13/20
  6726 | D:8      | Reached skill level 1 in Conjurations
  6730 | D:8      | Reached skill level 1 in Earth Magic
  6827 | D:8      | Reached skill level 1 in Translocations
  6983 | D:8      | Found a sand-covered staircase.
  6995 | Ossuary  | Entered an ossuary
  7567 | D:8      | Found an opulent altar of Gozag.
  7619 | D:8      | Found a burning altar of Makhleb.
  7923 | D:9      | Noticed Joseph
  7932 | D:9      | Killed Joseph
  7933 | D:9      | Reached skill level 1 in Staves
  7933 | D:9      | Reached skill level 1 in Shields
  7933 | D:9      | Reached skill level 1 in Evocations
  8554 | D:9      | Reached XP level 10. HP: 42/73 MP: 18/22
  8700 | D:9      | Found a shimmering altar of Xom.
  8756 | D:9      | Found Jiwk's Magic Scroll Emporium.
  8760 | D:9      | Bought a scroll of enchant armour for 90 gold pieces
  8760 | D:9      | Bought a scroll of teleportation for 36 gold pieces
  9305 | D:9      | Reached skill level 5 in Fighting
  9438 | D:10     | Entered Level 10 of the Dungeon
  9447 | D:10     | Found a staircase to the Orcish Mines.
 10527 | D:11     | Noticed a cyclops
 10534 | D:11     | Killed a cyclops
 10535 | D:11     | Reached skill level 5 in Evocations
 10643 | D:11     | Noticed a two-headed ogre
 10644 | D:11     | Noticed a gargoyle
 10652 | D:11     | Killed a two-headed ogre
 10653 | D:11     | Killed a gargoyle
 10654 | D:11     | Reached skill level 5 in Staves
 10741 | D:11     | Reached skill level 5 in Shields
 10830 | D:11     | Reached XP level 11. HP: 68/83 MP: 9/23
 10936 | D:11     | Found a staircase to the Lair.
 11282 | Lair:1   | Entered Level 1 of the Lair of Beasts
 11289 | Lair:1   | Noticed a catoblepas
 11304 | Lair:1   | Killed a catoblepas
 11305 | Lair:1   | Reached skill level 1 in Armour
 11557 | Lair:1   | Identified the +2 falchion "Beetleslayer" {speed, SInv}
 11673 | Lair:1   | Noticed an oklob plant
 11687 | Lair:1   | Killed an oklob plant
 11828 | Lair:1   | Learned a level 5 spell: Fireball
 12124 | Lair:1   | Reached skill level 5 in Armour
 12570 | Lair:2   | Reached skill level 5 in Conjurations
 12696 | Lair:2   | Noticed Maggie
 12702 | Lair:2   | Killed Maggie
 12878 | Lair:2   | Slain by an elephant

Illustrated notes

Levels and vault maps discovered:
D:1:      spicycebolla_arrival_risky_transporter, layout_loops_ring,
          serial_rivers, chequers_serial_rivers_micro_d,
          chequers_serial_rivers_small_3, chequers_serial_rivers_small_b,
          chequers_serial_rivers_micro_a, reono_crystal_passage,
          serial_bayou_pond_d
D:2:      layout_basic, hellmonk_ecumenical_altar_pennies_from_heaven,
          minmay_misc_feat_rows, minmay_strange_pillars,
          hangedman_abyss_or_decor_stabs, hangedman_decor_push,
          minmay_fractal_squares_gapless_5, uniq_sigmund
D:3:      layout_basic, eat_drink_and_be_merry_uskayaw, uniq_jessica
D:4:      layout_cave_pools, overflow_temple_1_default,
          nicolae_sif_muna_little_library, minmay_temple_entry_slanted,
          hangedman_minor_gate_pass
D:5:      corexii_shack_village, layout_loops_ring, solitary_fountain,
          uniq_duvessa
D:6:      layout_basic, minitemple, gammafunk_ghost_grave, serial_bayou_lake_a
D:7:      layout_rooms, grunt_dithmenos_smoke
D:8:      layout_basic, kennysheep_mini_moat, grunt_gozag_breadcrumbs,
          nicolae_ossuary_entry_monument
D:9:      layout_loops_corners, tso_metal_star, xom_butterflies, serial_shops,
          nicolae_diamond_shop, uniq_joseph
D:10:     layout_gridville, orc_0_dummy
D:11:     layout_basic, lair_entry_dummy
Lair:1:   layout_hall_layers, minmay_lair_oklob_items, grunt_megastairs_3
Lair:2:   layout_roguey, palyth_hydra_swamp_entry, gammafunk_ghost_hydra_chop,
          serial_bayou_lagoon_a, lemuel_fruit_tree, lemuel_fruit_fields,
          uniq_maggie

Skill      XL: |  1  2  3  4  5  6  7  8  9 10 11 |
---------------+----------------------------------+-----
Fire Magic     | 3 4 5 6 8 |  8.0
Spellcasting   | 2 3 4 6 7 8 |  8.0
Conjurations   | 2 6 |  6.0
Earth Magic    | 1 |  1.8
Translocations | 1 |  1.5
Staves         | 3 5 |  5.3
Shields        | 3 5 |  5.8
Evocations     | 3 5 6 |  6.0
Fighting       | 4 6 |  6.6
Armour         | 5 |  5.0
Polearms       | |  2.6

Action                     |  1- 3 |  4- 6 |  7- 9 | 10-12 || total
---------------------------+-------+-------+-------+-------++-------
  Melee: Spear             |    48 |     2 |       |       ||    50
         Staff             |       |     4 |    13 |    39 ||    56
         Punch             |       |       |       |     1 ||     1
   Cast: Scorch            |    19 |    62 |   195 |   226 ||   502
         Fireball          |       |       |       |     4 ||     4
 Invoke: Fiery Armour      |     1 |       |     1 |       ||     2
         Foxfire Swarm     |       |       |     1 |       ||     1
  Evoke: Wand              |       |       |     1 |     3 ||     4
    Use: Scroll            |       |     7 |     8 |    10 ||    25
         Potion            |       |       |       |     3 ||     3
 Armour: Robe              |     9 |     5 |    56 |    26 ||    96
         Troll leather arm |       |       |       |    67 ||    67
  Dodge: Dodged            |    36 |    12 |    71 |    72 ||   191
  Block: Other             |       |     2 |    22 |    18 ||    42
         Kite shield       |       |       |       |    30 ||    30

Table legend: (Time is in decaauts)
 A = Elapsed time spent in this place.
 B = Non-inter-level travel time spent in this place.
 C = Inter-level travel time spent in this place.
 D = Time resting spent in this place.
 E = Time spent auto-exploring this place.
 F = Levels seen in this place.
 G = Mean time per level.
                   A        B        C        D        E       F      G
               +--------+--------+--------+--------+--------+-----+--------+
         Total |  12945 |  12418 |    527 |    878 |  10055 |  14 |  924.6 |
       Dungeon |  11092 |  10587 |    505 |    656 |   8792 |  11 | 1008.4 |
          Lair |   1594 |   1573 |     21 |    186 |   1106 |   2 |  797.0 |
       Ossuary |    258 |    258 |      0 |     36 |    157 |   1 |  258.0 |
               +--------+--------+--------+--------+--------+-----+--------+

Top non-repeatable levels by time:
     D:8: 1568 daAuts
     D:6: 1326 daAuts
     D:9: 1280 daAuts
  Lair:1: 1216 daAuts
     D:1: 1105 daAuts
    D:10: 980 daAuts
     D:2: 961 daAuts
     D:3: 950 daAuts
     D:5: 906 daAuts
    D:11: 870 daAuts
     D:4: 634 daAuts
     D:7: 507 daAuts
  Lair:2: 378 daAuts
 Ossuary: 258 daAuts
